 Dungeon Crawl Stone Soup version 0.19-a0-721-gd1b5c2a (webtiles) character file.

123 AlphabetPasta the Chiller (level 4, -3/36 HPs)
             Began as a Minotaur Ice Elementalist on June 21, 2016.
             Slain by a goblin
             ... wielding a +0 dagger
             ... led by Robin
              (4 damage)
             ... on level 3 of the Dungeon.
             The game lasted 00:14:19 (2710 turns).

AlphabetPasta the Chiller (MiIE)                    Turns: 2710, Time: 00:14:20

Health: -3/36      AC:  3    Str:  9 (12) XL:     4   Next: 79%
Magic:  1/6        EV: 18    Int: 15 (18) God:
Gold:   110        SH:  0    Dex: 13 (16) Spells: 2 memorised, 4 levels left

rFire  . . .     SeeInvis .     d - +0 club
rCold  . . .     Gourm    .     a - +0 robe
rNeg   . . .     Faith    .     (no shield)
rPois  .         Spirit   .     (helmet restricted)
rElec  .         Dismiss  .     h - +0 cloak
rCorr  .         Reflect  .     (no gloves)
SustAt .         Harm     .     (no boots)
MR     .....                    (no amulet)
Stlth  +++.......               (no ring)
                                (no ring)

@: brilliant, agile, flying, not resistant to hostile enchantments, fairly
stealthy
A: retaliatory headbutt, horns 2
a: no special abilities


You were on level 3 of the Dungeon.
You were not hungry.

You visited 1 branch of the dungeon, and saw 3 of its levels.

You collected 110 gold pieces.

Inventory:

Hand Weapons
 d - a +0 club (weapon)
Missiles
 k - 3 javelins (quivered)
Armour
 a - a +0 robe (worn)
 h - a +0 cloak (worn)
Scrolls
 e - 2 scrolls of identify {unknown}
 g - a scroll of remove curse {unknown}
 i - a scroll of noise {unknown}
 m - a scroll of fog {unknown}
 r - 2 scrolls of immolation {unknown}
Books
 b - a book of Frost

   Spells                             Type                      Level
   a - Freeze                         Ice                          1
   b - Throw Frost                    Conjuration/Ice              2
   c - Ozocubu's Armour               Charms/Ice                   3
   d - Throw Icicle                   Conjuration/Ice              4
   e - Summon Ice Beast               Ice/Summoning                4
Comestibles
 c - a bread ration
 j - 2 beef jerkies
 n - a slice of pizza
 p - a chunk of flesh


   Skills:
 + Level 2.3 Fighting
 - Level 2.5 Dodging
 - Level 1.5 Stealth
 + Level 2.0 Spellcasting
 - Level 0.6 Conjurations
 * Level 3.3 Ice Magic


You had 4 spell levels left.
You knew the following spells:

 Your Spells              Type           Power        Failure   Level  Hunger
a - Freeze                Ice            ###.         1%          1    #......
b - Throw Frost           Conj/Ice       ###...       2%          2    ###....


Dungeon Overview and Level Annotations

Branches:
Dungeon (3/15)

Altars:
Sif Muna

Annotations:
D:3 Robin


Innate Abilities, Weirdness & Mutations

You reflexively headbutt those who attack you in melee.
You have a pair of horns on your head.


Message History

A goblin comes into view. It is wielding a dagger.
It was a potion of brilliance.
You feel clever all of a sudden. The goblin hits you with a dagger.
* * * LOW HITPOINT WARNING * * *
Robin throws the goblin at you!
* * * LOW HITPOINT WARNING * * *
The goblin closely misses you. The goblin misses you.
It was a potion of agility.
You feel agile all of a sudden. The goblin completely misses you.
Robin throws the goblin at you! The goblin misses you.
The goblin closely misses you. The goblin misses you. You furiously retaliate!
You headbutt the goblin.
You kill the goblin!
Your Spellcasting skill increases to level 2!
The goblin completely misses you. x2; The goblin hits you with a dagger.
* * * LOW HITPOINT WARNING * * *
Robin throws the goblin at you! The goblin hits you but does no damage.
The goblin hits you with a dagger.
You die...

##'#####.###..###.....
.##.)....#)# #..# ######
...#......#)# #..########
#..[...(..#.# #..........
..........#.####.########
.........(.............>.
.........((......########
...#....g(#.(............
.. #..).@.#.#############
. #...gg.#.#### .
###.g........ ...
#g##.#.####
.....###g##...#
...g.g...)....#
.###..........#
#..........# #..........#


You could see Robin, 2 hobgoblins and 3 goblins.

Vanquished Creatures
  5 adders
  An ooze (D:2)
  2 dart slugs (D:1)
  A giant gecko (D:1)
  An orc (D:3)
  5 bats
  5 giant cockroaches
  9 hobgoblins
  10 jackals
  9 kobolds
  2 giant newts
  9 goblins
  4 rats
63 creatures vanquished.

Notes
Turn   | Place    | Note
--------------------------------------------------------------
     0 | D:1      | AlphabetPasta the Minotaur Ice Elementalist began the quest for the Orb.
     0 | D:1      | Reached XP level 1. HP: 14/14 MP: 1/1
   526 | D:1      | Reached XP level 2. HP: 19/22 MP: 0/3
   530 | D:1      | Learned a level 2 spell: Throw Frost
   715 | D:1      | Reached skill level 1 in Fighting
  1010 | D:1      | Reached XP level 3. HP: 28/28 MP: 2/4
  1727 | D:2      | Found a deep blue altar of Sif Muna.
  1846 | D:2      | Reached skill level 3 in Ice Magic
  1846 | D:2      | Reached XP level 4. HP: 36/36 MP: 3/5
  2696 | D:3      | Noticed Robin
  2707 | D:3      | HP: 1/36 [Robin/goblin (1)]
  2710 | D:3      | Slain by a goblin

Vault maps used:
D:1:      dpeg_arrival_fog, roderic_nine_men_s_morris
D:2:      led_sif_pool
D:3:      minmay_misc_feat_pillars, uniq_robin

Skill      XL: |  1  2  3  4 |
---------------+-------------+-----
Fighting       | 1 2 |  2.3
Ice Magic      | 3 |  3.3
Spellcasting   | 2 |  2.0
Dodging        | |  2.5
Stealth        | |  1.5
Conjurations   | |  0.6

Action                   |  1- 3 |  4- 6 || total
-------------------------+-------+-------++-------
Melee: Club              |    40 |    18 ||    58
       Unarmed           |     5 |       ||     5
       Headbutt          |     1 |       ||     1
Throw: Javelin           |    17 |     9 ||    26
 Cast: Freeze            |    50 |    29 ||    79
  Use: Potion            |       |     5 ||     5
  Eat: Chunk             |     3 |     3 ||     6
       Royal jelly       |     1 |       ||     1
Armor: Robe              |    19 |    13 ||    32
Dodge: Dodged            |    76 |    44 ||   120
